cohdb
Replays
Latest Replays
All Replays
Popular Replays
Top Player Replays
Match Explorer
How It Works
Community
CoH3 Stats
Reddit
Sign in to upload your games and track your stats! →
Sign in with Steam
Match 47240521
Unlisted
Match 47240521
Overview
Messages
Build Orders
End
Construct Barracks
Selects Special Operations Battlegroup
Selects M29 Weasel Recon Vehicle
M29 Weasel Recon Vehicle
Engineer Squad
Riflemen Squad
Riflemen Squad
Grenade Package
M1 Mortar Team
Mechanized Support Center
Selects Raiding Flares
Construct Medical Station
Niker1
PutPut-AutistInPerfection
enriqueg1601
菁松老大
0
0
Comments
sign in to comment!
No comments posted yet!